 Dungeon Crawl Stone Soup version 0.18-a0-1683-gf9322e6 (webtiles) character file.

329 namelastname112 the Slasher (level 6, -1/79 HPs)
             Began as a Draconian Berserker on Apr 3, 2016.
             Was a Priest of Trog.
             Slain by an iguana (3 damage)
             ... on level 4 of the Dungeon.
             The game lasted 00:03:11 (2133 turns).

namelastname112 the Slasher (Draconian Berserker)   Turns: 2133, Time: 00:03:12

Health: -1/79      AC:  7    Str: 24    XL:     6   Next: 25%
Magic:  6/6        EV: 13    Int:  7    God:    Trog [***...]
Gold:   141        SH:  0    Dex: 13    Spells: 0 memorised, 5 levels left

rFire  . . .     SeeInvis .     a - +0 falchion
rCold  . . .     Gourm    .     (armour unavailable)
rNeg   . . .     Faith    .     (no shield)
rPois  .         Spirit   .     (helmet restricted)
rElec  .         Dismiss  .     (no cloak)
rCorr  .         Reflect  .     i - -1 pair of gloves (curse)
SustAt .         Harm     .     r - +0 pair of boots
MR     .....                    q - amulet of inaccuracy (curse)
Stlth  ..........               (no ring)
                                (no ring)

@: berserking, very quick, not resistant to hostile enchantments, extremely
unstealthy
A: unfitting armour, cold-blooded, AC +6
a: Berserk, Trog's Hand, Burn Spellbooks, Renounce Religion


You were on level 4 of the Dungeon.
You worshipped Trog.
Trog was most pleased with you.
You were not hungry.

You visited 1 branch of the dungeon, and saw 4 of its levels.

You collected 141 gold pieces.

Inventory:

Hand Weapons
 a - a +0 falchion (weapon)
Armour
 i - a cursed -1 pair of gloves (worn)
 r - a +0 pair of boots (worn)
Jewellery
 q - a cursed amulet of inaccuracy (around neck)
Wands
 n - a wand of paralysis (15/24)
Scrolls
 c - 3 scrolls of identify {unknown}
 f - a scroll of teleportation {unknown}
 g - 2 scrolls of fog {unknown}
 h - a scroll of remove curse {unknown}
 k - 3 scrolls of recharging {unknown}
Potions
 d - a potion of flight {unknown}
 e - a potion of cancellation {unknown}
 j - a potion of curing {unknown}
 p - a potion of lignification {unknown}
Comestibles
 b - 3 bread rations
 l - 2 beef jerkies
 m - 2 meat rations
 o - 2 chunks of flesh


   Skills:
 + Level 4.7 Fighting
 * Level 5.3 Long Blades
 + Level 4.0 Dodging


You had 5 spell levels left.
You didn't know any spells.

Dungeon Overview and Level Annotations

Branches:
Dungeon (4/15)
 Temple: D:4-7

Altars:
Ashenzari
Qazlal
Yredelemnul


Innate Abilities, Weirdness & Mutations

Your plain brown scales are hard (AC +6).
Your body does not fit into most forms of armour.
You are cold-blooded and may be slowed by cold attacks.


Message History

The jackal bites you but does no damage. x2
The iguana closely misses you. The jackal misses you.
You barely miss the iguana.
The iguana is heavily wounded.
The jackal barely misses you. x2; The iguana misses you.
You hit the iguana but do no damage.
The iguana is heavily wounded.
The jackal closely misses you. x3
You hit the iguana.
Your tail-slap misses the iguana.
The iguana is heavily wounded.
The jackal bites you but does no damage.
The jackal closely misses you.
The jackal bites you but does no damage.
The iguana misses you.
You hit the iguana.
The iguana is almost dead.
The jackal barely misses you. The jackal bites you.
* * * LOW HITPOINT WARNING * * *
The jackal barely misses you. The iguana bites you.
You die...

.( .. .. #.#
#. ... #.
###.# ###.
.#..#
...#...#
#hhl.#
#h@..##
#.<...#
#......#
.....#.....
###.....####
.......
##.......
#........
#....##..


You could see an iguana and 3 jackals.

Vanquished Creatures
  An orc priest (D:3)
  4 orc wizards (D:3)
  Jessica (D:2)
  Terence (D:3)
  3 adders (D:2)
  4 oozes
  A worm (D:2)
  2 dart slugs
  2 giant geckos
  7 orcs (D:3)
  3 ball pythons
  3 giant cockroaches
  8 goblins
  6 hobgoblins
  4 jackals (D:1)
  4 kobolds
  3 quokkas (D:3)
  6 bats
  A giant cockroach zombie (D:4)
  5 giant newts
  9 rats
78 creatures vanquished.

Notes
Turn   | Place    | Note
--------------------------------------------------------------
     0 | D:1      | namelastname112 the Draconian Berserker began the quest for the Orb.
     0 | D:1      | Reached XP level 1. HP: 19/19 MP: 1/1
    37 | D:1      | Reached XP level 2. HP: 16/26 MP: 2/2
   141 | D:1      | Found a shattered altar of Ashenzari.
   294 | D:1      | Reached ** piety under Trog
   294 | D:1      | Reached XP level 3. HP: 24/31 MP: 3/3
   491 | D:2      | Noticed Jessica
   498 | D:2      | Killed Jessica
   522 | D:2      | Found a basalt altar of Yredelemnul.
   529 | D:2      | Reached XP level 4. HP: 34/40 MP: 4/4
   550 | D:2      | Reached skill level 4 in Long Blades
  1185 | D:3      | Noticed Terence
  1197 | D:3      | Killed Terence
  1197 | D:3      | Reached XP level 5. HP: 36/46 MP: 5/5
  1200 | D:3      | Reached *** piety under Trog
  1313 | D:3      | Found a stormy altar of Qazlal.
  1349 | D:3      | Reached skill level 5 in Long Blades
  1524 | D:3      | Reached XP level 6. HP: 41/53 MP: 6/6
  2133 | D:4      | HP: 2/79 [jackal (3)]
  2133 | D:4      | Slain by an iguana

Vault maps used:
D:1:      mrwooster_arrival_statue_2, evilmike_ruin_ashenzari
D:2:      yredelemnul_altar_generic, uniq_jessica
D:3:      nicolae_qazlal_general_emergency, uniq_terence
D:4:      minmay_opposing_rooms, uniq_crazy_yiuf_cottage, uniq_pikel,
          uniq_eustachio, uniq_grinder

Skill      XL: |  1  2  3  4  5 |
---------------+----------------+-----
Dodging        | 3 4 |  4.0
Fighting       | 4 |  4.7
Long Blades    | 4 5 |  5.3

Action                   |  1- 3 |  4- 6 || total
-------------------------+-------+-------++-------
Melee: Falchion          |    74 |   235 ||   309
Invok: Berserk           |       |     3 ||     3
       Trog's Hand       |       |     1 ||     1
 Stab: Sleeping          |     1 |     2 ||     3
  Eat: Chunk             |       |     7 ||     7
